 Dungeon Crawl Stone Soup version 0.30-a0-989-g0d87f670db (webtiles) character file.

Game seed: 3522123089946113498

50428 holysushi the Executioner (level 14, -7/102 HPs)
             Began as a Hill Orc Monk on Apr 3, 2023.
             Was the Champion of Beogh.
             Mangled by an orc knight
             ... wielding a +3 great sword
              (35 damage)
             ... on level 2 of the Orcish Mines.
             The game lasted 00:40:14 (15694 turns).

holysushi the Executioner (Hill Orc Monk)          Turns: 15694, Time: 00:40:14

Health: -7/102     AC: 37    Str: 22    XL:     14   Next: 55%
Magic:  18/18      EV: 11    Int:  6    God:    Beogh [******]
Gold:   1387       SH:  0    Dex: 13    Spells: 13/13 levels left

rFire   + . .      SeeInvis .    d - +5 Lochaber axe {reach-cleave, Poleaxe Drain}
rCold   . . .      Faith    .    (shield currently unavailable)
rNeg    + . .      Spirit   .    C - +9 plate armour of the Circus Animal {rN+ Will+ Str+3}
rPois   .          Reflect  .    q - +1 helmet
rElec   +          Rampage  .    B - +1 cloak
rCorr   .                        k - +1 pair of gloves
Will    ++++.                    e - +2 pair of boots Stlth
                                 s - amulet of Monotheism {Acrobat rElec Will++ Int-4}
HPRegen 0.37/turn                X - +4 ring of slaying
MPRegen 0.16/turn                v - ring of protection from fire

@: no status effects
A: walk on water
a: Renounce Religion, Smiting, Recall Orcish Followers, Give Item to Named
Follower, Resurrection


You were on level 2 of the Orcish Mines.
You worshipped Beogh.
Beogh was exalted by your worship.
You visited 3 branches of the dungeon, and saw 19 of its levels.
You also visited: Bailey and Volcano.

You collected 2307 gold pieces.
You spent 920 gold pieces at shops.

Inventory:

Hand Weapons
 d - the +5 Lochaber axe (weapon) {reach-cleave, Poleaxe Drain}
   (You acquired it on level 1 of the Dungeon)

   Poleaxe:   It uses either Axes or Polearms skill, whichever is higher.
   Drain:     It drains your maximum health when unequipped.
 Q - a +0 bardiche
 R - a +1 arbalest
 Y - a +0 trident of protection
Missiles
 r - a throwing net (quivered)
Armour
 e - a +2 pair of boots (worn)
 f - the +4 moon troll leather armour {Spirit, Regen++ MP+5}
   (You found it on level 3 of the Lair of Beasts)

   MP:        It affects your magic capacity (+5).
   Regen:     It increases your rate of health regeneration.
 k - a +1 pair of gloves (worn)
 q - a +1 helmet (worn)
 B - a +1 cloak (worn)
 C - the +9 plate armour of the Circus Animal (worn) {rN+ Will+ Str+3}
   (You found it on level 5 of the Dungeon)

   Str:       It affects your strength (+3).
   rN:        It protects you from negative energy.
   Will:      It increases your willpower.
Jewellery
 i - a ring of poison resistance
 n - an amulet of regeneration
 s - the amulet of Monotheism (around neck) {Acrobat rElec Will++ Int-4}
   (You acquired it in a bailey)

   [amulet of the acrobat]

   It increases your evasion while moving and waiting.
   Int:       It affects your intelligence (-4).
   rElec:     It insulates you from electricity.
   Will:      It greatly increases your willpower.
 v - a ring of protection from fire (right hand)
 z - a ring of see invisible
 M - a ring of ice
 U - a +6 ring of dexterity
 X - a +4 ring of slaying (left hand)
Wands
 t - a wand of flame (25)
 u - a wand of charming (32)
 x - a wand of iceblast (6)
 H - a wand of quicksilver (16)
 J - a wand of digging (5)
Scrolls
 b - 3 scrolls of identify
 l - 5 scrolls of teleportation
 m - 3 scrolls of blinking
 o - 3 scrolls of amnesia
 p - 8 scrolls of poison
 y - 3 scrolls of vulnerability
 D - a scroll of torment {unknown}
 E - 10 scrolls of fear
 F - 3 scrolls of fog
 G - a scroll of butterflies {unknown}
 N - 3 scrolls of immolation {unknown}
 V - 6 scrolls of enchant weapon
 W - 2 scrolls of magic mapping
 Z - 2 scrolls of enchant armour
Potions
 c - 2 potions of ambrosia
 g - 3 potions of lignification
 h - 11 potions of curing
 j - 4 potions of heal wounds
 w - 3 potions of mutation
 A - 3 potions of cancellation
 L - 3 potions of brilliance
 O - 3 potions of magic
 P - 2 potions of haste
 S - a potion of invisibility
 T - 2 potions of flight
Miscellaneous
 I - a lightning rod (4/4)


   Skills:
 - Level 3.6 Fighting
 + Level 22.5(22.8) Axes
 - Level 4.7(13.5) Polearms
 - Level 15.7 Armour
 + Level 10.0 Dodging
 - Level 4.0 Stealth
 + Level 5.8 Invocations


You had 13 spell levels left.
You didn't know any spells.
Your spell library contained the following spells:

 Spells                   Type           Power      Damage    Failure   Level
 Necrotise                Necr           0%         1d4       99%         1
 Sandblast                Erth           0%         2d4       99%         1
 Sting                    Tmut/Pois      0%         1d3       99%         1
 Ensorcelled Hibernation  Hex/Ice        0%         N/A       100%        2
 Passwall                 Tmut/Erth      0%         N/A       100%        2
 Poisonous Vapours        Pois/Air       0%         N/A       100%        2
 Stone Arrow              Conj/Erth      0%         3d7       100%        3
 Swiftness                Air            0%         N/A       100%        3
 Vampiric Draining        Necr           0%         2d6       100%        3
 Animate Armour           Summ/Erth      0%         N/A       100%        4
 Olgreb's Toxic Radiance  Pois           0%         N/A       100%        4
 Agony                    Necr           0%         N/A       100%        5
 Fireball                 Conj/Fire      0%         3d3       100%        5
 Iskenderun's Battlesphe  Conj           0%         2d6       100%        5
 Conjure Ball Lightning   Conj/Air       0%         3x3d6     100%        6
 Orb of Destruction       Conj           0%         9d5       100%        7
 Discord                  Hex            0%         N/A       100%        8
 Disjunction              Tloc           0%         N/A       100%        8
 Lehudib's Crystal Spear  Conj/Erth      0%         10d2      100%        8


Dungeon Overview and Level Annotations

Branches:
Dungeon (12/15) Zot: 26225  Temple (0/1) D:6            Lair (5/5) D:8 Zot: 25209
 Shoals (0/4) Lair:3        Snake (0/4) Lair:2        Slime (0/5) Lair:5
    Orc (2/2) D:12 Zot: 10946     Elf (0/3) Orc:2        Bailey (visited)
Volcano (visited)

Altars:
Cheibriados
Makhleb
The Shining One
Beogh
Jiyva

Shops:
D:5 *?   D:8 *   D:12 ?   Orc:2 *

Annotations:
D:4 Zonian's ghost, amateur VSGl
Lair:2 exclusion: 3 oklob plants
Lair:5 exclusion: oklob plant


Message History

The orc wizard falls on its knees before you.
It shouts, "I'll follow thee gladly!"
You slash the orc high priest!
The orc high priest is severely wounded.
You closely miss the soul eater.
Your orc sorcerer hits the soul eater but does no damage.
Your orc warrior closely misses the orc high priest.
The orc high priest mumbles some strange prayers to Beogh.
The soul eater draws from the surrounding life force!
Your orc sorcerer dies!
Your orc wizard dies!
Your orc warrior dies!
You barely miss the orc high priest.
The orc high priest is severely wounded.
You slash the soul eater! You slash the orc knight! You slash the chaos spawn!
The orc high priest calls down the wrath of Beogh upon you.
Beogh smites you!
The soul eater hits you but does no damage.
The orc high priest hits you but does no damage.
You slash the orc high priest!
The orc high priest is almost dead.
You closely miss the orc knight. You hit the soul eater.
You barely miss the chaos spawn. The orc high priest barely misses you.
Your orc wizard closely misses the soul eater.
The orc knight hits you with a +3 great sword!!
The soul eater barely misses you.
You are too injured to fight recklessly!
You slash the orc knight!
The orc knight is heavily wounded.
You hit the soul eater but do no damage.
You hit the orc high priest. You slice the chaos spawn!!
You kill the chaos spawn!
The chaos spawn degenerates into a cloud of primal chaos!
You hit the orc high priest.
The orc high priest invokes the aid of Beogh against you.
Beogh smites you!
* * * LOW HITPOINT WARNING * * *
Your orc wizard hits the soul eater but does no damage.
The orc high priest closely misses you.
The orc knight hits you with a +3 great sword!!
You die...
Beogh appreciates the orc knight's killing of a heretic priest.

## .∩# # ..## o##..# .4..#
#o§# ... ##o3## ... #)o@o#
#.#..).))#o# #.#....)##o#
#.#...###.o# #.######.o##
...####.####..o##
#.....oo...o### ####
######o###### ##..##
########o#############....#


You could see an orc knight (strong), a soul eater (summoned, ally target), 2
orc high priests, a red devil (summoned), a friendly orc warrior, the friendly
Bogdan the orc warrior and 2 friendly orc wizards.

Vanquished Creatures
  2 orc warlords (Orc:1)
  An ettin (Orc:2)
  Erica (D:8)
  A two-headed ogre (D:8)
  Amaemon (D:8)
  Pikel (D:8)
  3 orc knights
  2 ugly things (D:7)
  2 orc sorcerers
  2 manticores
  2 black mambas
  11 elephants
  A gargoyle (D:7)
  A smoke demon (Volcano)
  2 molten gargoyles (Volcano)
  5 cane toads
  An orange demon (D:8)
  7 komodo dragons
  A rime drake (Lair:3)
  A kobold demonologist (D:7)
  2 trolls
  3 polar bears
  Grinder (D:6)
  5 hornets (Lair:5)
  4 blink frogs
  2 slime creatures
  A dream sheep (Lair:5)
  A shadow (D:7)
  Sigmund (D:6)
  7 spriggans (Lair:5)
  2 wyverns
  2 wraiths
  32 yaks
  Eustachio (D:6)
  A fire bat (Volcano)
  2 steam dragons (D:7)
  2 basilisks (Lair:1)
  6 vampire mosquitoes
  9 wargs
  Edmund (D:5)
  4 hell hounds (Volcano)
  An acid dragon (D:12)
  6 water moccasins
  Duvessa (D:6)
  3 black bears
  17 orc warriors
  2 ice beasts
  2 boggarts (Lair:5)
  3 ogres
  11 wolves
  2 lemures (D:8)
  3 centaurs
  Blork the orc (D:6)
  A kobold brigand (D:7)
  3 scorpions
  6 bullfrogs
  A gnoll sergeant (D:7)
  4 wights (D:8)
  Dowan (D:6)
  14 killer bees
  An electric eel (Lair:4)
  4 howler monkeys
  5 lava snakes
  4 hounds
  A centaur skeleton (D:4)
  8 orc priests
  An iron imp (D:6)
  A jelly (D:4)
  A sleepcap (D:7)
  5 iguanas
  Ijyb (D:3)
  11 orc wizards
  Robin (D:3)
  13 gnolls
  10 adders
  A white imp (D:5)
  3 ufetubi (D:5)
  2 adder skeletons (D:2)
  An adder zombie (D:2)
  2 worms
  3 dart slugs
  7 orcs
  A bat (D:2)
  A bat skeleton (D:2)
  2 bat zombies (D:2)
  3 endoplasms
  3 giant cockroaches (D:1)
  24 goblins
  26 hobgoblins
  4 jackals (D:1)
  3 quokkas
  9 ball pythons
  A ball python skeleton (D:2)
  2 ball python zombies (D:2)
  5 frilled lizards
  2 goblin zombies (D:6)
  3 hobgoblin zombies (D:6)
  2 jackal zombies (D:2)
  11 kobolds
  A kobold zombie (D:6)
  An orc zombie (D:6)
  5 rats
  A fungus (Lair:5)
415 creatures vanquished.

Vanquished Creatures (collateral kills)
  The ghost of Gopeb the Fighter, a journeyman DsBe of Trog (Orc:1)
  2 hydras
  A two-headed ogre (D:12)
  A skyshark (Lair:5)
  An orc knight (Orc:2)
  A deep elf pyromancer (D:12)
  A cyclops (D:11)
  8 elephants
  A merfolk siren (Lair:3)
  2 black mambas
  A guardian serpent (Lair:2)
  5 cane toads
  4 komodo dragons
  A troll (D:11)
  4 polar bears
  2 hornets (Lair:5)
  7 blink frogs
  3 slime creatures (D:12)
  A shadow (D:12)
  2 basilisks
  5 spriggans (Lair:5)
  19 yaks
  A steam dragon (Lair:3)
  3 vampire mosquitoes
  2 water moccasins
  A floating eye (Lair:2)
  4 orc warriors
  2 black bears
  An ogre (Orc:1)
  12 wolves
  A centaur (D:9)
  2 boggarts (Lair:5)
  2 bullfrogs (Lair:4)
  A gnoll sergeant (D:10)
  A wight (D:8)
  3 killer bees
  A howler monkey (D:9)
  4 jellies (Lair:5)
  4 orc priests
  5 orc wizards
  A gnoll (Bailey)
  A shadow imp (D:8)
  15 orcs
  2 endoplasms (Lair:5)
  3 goblins
  A hobgoblin (Bailey)
  3 bushes
  A butterfly (Lair:5)
  A fungus (Lair:2)
  A plant (Lair:2)
152 creatures vanquished.

Vanquished Creatures (others)
  An orc high priest (Orc:2)
  2 orc knights
  3 orc sorcerers (Orc:2)
  An unseen horror (D:7)
  14 orc warriors
  A basilisk (Lair:3)
  A jelly (D:5)
  7 orc priests
  5 orc wizards
  42 orcs
  57 fungi
  57 plants
  2 withered plants (D:2)
193 creatures vanquished.

Grand Total: 760 creatures vanquished

Notes
Turn   | Place    | Note
-------+----------+-------------------------------------------
     0 | D:1      | holysushi the Hill Orc Monk began the quest for the Orb.
     0 | D:1      | Reached XP level 1. HP: 19/19 MP: 1/1
    71 | D:1      | Reached XP level 2. HP: 25/26 MP: 2/2
   293 | D:1      | Found a faded altar of an unknown god.
   477 | D:1      | Reached XP level 3. HP: 22/31 MP: 3/3
   693 | D:1      | Identified a scroll of acquirement
   693 | D:1      | Acquired the +5 Lochaber axe {reach-cleave, Poleaxe Drain}
   693 | D:1      | Found the +5 Lochaber axe {reach-cleave, Poleaxe Drain}
   747 | D:2      | Reached skill level 1 in Axes
   934 | D:2      | Reached skill level 2 in Axes
   943 | D:2      | Reached XP level 4. HP: 22/39 MP: 4/4
  1092 | D:2      | Reached skill level 3 in Axes
  1528 | D:2      | Reached skill level 4 in Axes
  1528 | D:2      | Reached XP level 5. HP: 42/45 MP: 5/5
  1872 | D:3      | Noticed Robin
  1876 | D:3      | Reached skill level 5 in Axes
  1884 | D:3      | Killed Robin
  2016 | D:3      | Found a snail-covered altar of Cheibriados.
  2040 | D:3      | Noticed Ijyb
  2046 | D:3      | Killed Ijyb
  2047 | D:3      | Reached skill level 1 in Armour
  2471 | D:4      | Reached XP level 6. HP: 51/51 MP: 6/6
  2486 | D:4      | Reached skill level 6 in Axes
  2499 | D:4      | Found the +8 trishula "Condemnation" {holy, anguish, *Noise
                  | Fly rN+}
  2777 | D:4      | Found a transporter.
  2781 | D:4      | Noticed Zonian's ghost (amateur VSGl)
  2873 | D:4      | Reached XP level 7. HP: 57/57 MP: 7/7
  2977 | D:4      | Found a transporter.
  2991 | D:4      | Reached skill level 7 in Axes
  2991 | D:4      | Reached skill level 5 in Armour
  3007 | D:5      | Entered Level 5 of the Dungeon
  3074 | D:5      | Noticed Edmund
  3124 | D:5      | Reached skill level 8 in Axes
  3190 | D:5      | Became a worshipper of Beogh the Brigand
  3190 | D:5      | Reached * piety under Beogh
  3190 | D:5      | Reached ** piety under Beogh
  3216 | D:5      | Identified the +9 plate armour of the Circus Animal {rN+
                  | Will+ Str+3}
  3448 | D:5      | Found Katuar's Magic Scroll Boutique.
  3453 | D:5      | Bought a scroll of enchant armour for 105 gold pieces
  3453 | D:5      | Bought a scroll of fear for 56 gold pieces
  3453 | D:5      | Bought a scroll of identify for 28 gold pieces
  3453 | D:5      | Bought a scroll of fog for 56 gold pieces
  3647 | D:5      | Found Waukkochu's General Store.
  3685 | D:5      | Killed Edmund
  3686 | D:5      | Reached skill level 9 in Axes
  3686 | D:5      | Reached XP level 8. HP: 64/64 MP: 8/8
  3802 | D:6      | Found a staircase to the Ecumenical Temple.
  3832 | D:6      | Noticed Grinder
  3842 | D:6      | Noticed Eustachio
  3849 | D:6      | Killed Grinder
  3856 | D:6      | Killed Eustachio
  3882 | D:6      | Noticed Sigmund
  3887 | D:6      | Killed Sigmund
  3888 | D:6      | Reached skill level 10 in Axes
  3942 | D:6      | Found a glowing golden altar of the Shining One.
  3944 | D:6      | Noticed Blork the orc
  3955 | D:6      | Killed Blork the orc
  3982 | D:6      | Reached XP level 9. HP: 50/70 MP: 9/9
  4032 | D:6      | Identified the orb of Weightlessness {mayhem, rElec rPois}
  4182 | D:6      | Noticed Duvessa
  4182 | D:6      | Noticed Dowan
  4187 | D:6      | Killed Dowan
  4194 | D:6      | Killed Duvessa
  4412 | D:7      | Reached skill level 11 in Axes
  4412 | D:7      | Reached skill level 5 in Dodging
  4602 | D:7      | Reached *** piety under Beogh
  4603 | D:7      | Reached skill level 10 in Armour
  4645 | D:7      | Identified the +0 helmet "Gaqoos" {Int+3}
  4946 | D:7      | Noticed a troll
  4946 | D:7      | Noticed a gargoyle
  4994 | D:7      | Killed a gargoyle
  4995 | D:7      | Reached skill level 12 in Axes
  4995 | D:7      | Killed a troll
  4996 | D:7      | Reached XP level 10. HP: 27/77 MP: 10/10
  5198 | D:7      | Noticed an unseen horror
  5198 | D:7      | Noticed a manticore
  5198 | D:7      | Noticed a purple ugly thing
  5198 | D:7      | Noticed a kobold demonologist
  5198 | D:7      | Noticed a cyan ugly thing
  5199 | D:7      | Acquired 370 gold pieces
  5203 | D:7      | Killed an unseen horror
  5204 | D:7      | Reached skill level 13 in Axes
  5207 | D:7      | Killed a kobold demonologist
  5209 | D:7      | Killed a manticore
  5210 | D:7      | Reached skill level 14 in Axes
  5218 | D:7      | Killed a purple ugly thing
  5256 | D:7      | Killed a cyan ugly thing
  5257 | D:7      | Reached skill level 15 in Axes
  5364 | D:8      | Noticed Erica
  5372 | D:8      | Killed Erica
  5373 | D:8      | Reached skill level 16 in Axes
  5375 | D:8      | Noticed Amaemon
  5380 | D:8      | Noticed an orange demon
  5382 | D:8      | Killed Amaemon
  5383 | D:8      | Reached XP level 11. HP: 71/82 MP: 11/11
  5388 | D:8      | Reached skill level 17 in Axes
  5547 | D:8      | Reached skill level 1 in Invocations
  5563 | D:8      | Noticed Pikel
  5571 | D:8      | Killed Pikel
  5575 | D:8      | Noticed a two-headed ogre
  5586 | D:8      | Killed a two-headed ogre
  5591 | D:8      | Found a staircase to the Lair.
  5881 | D:8      | Found Fuishywayk's Neck Hole.
  6008 | D:9      | Gained Koronagh as an ally
  6033 | D:9      | Reached **** piety under Beogh
  6234 | D:9      | Found a flagged portal.
  6243 | Bailey   | Entered a bailey
  6440 | Bailey   | Noticed an orc warlord
  6498 | Bailey   | Acquired the amulet of Monotheism {Acrobat rElec Will++
                  | Int-4}
  6948 | D:10     | Entered Level 10 of the Dungeon
  7100 | D:10     | Reached ***** piety under Beogh
  7251 | D:10     | Reached skill level 18 in Axes
  7698 | D:11     | Reached XP level 12. HP: 85/90 MP: 14/14
  8702 | D:12     | Found a staircase to the Orcish Mines.
  8709 | D:12     | Gained Wargath as an ally
  8736 | D:12     | Found Hainih's Magic Scroll Shoppe.
  8741 | D:12     | Bought 3 scrolls of enchant weapon for 405 gold pieces
  8741 | D:12     | Bought a scroll of enchant weapon for 135 gold pieces
  8741 | D:12     | Bought a scroll of enchant armour for 135 gold pieces
  8979 | D:12     | Noticed a two-headed ogre
  8984 | D:12     | Killed a two-headed ogre
  9268 | Lair:1   | Entered Level 1 of the Lair of Beasts
  9296 | Lair:1   | Found a dark tunnel.
  9306 | Volcano  | Entered a volcano
  9544 | Volcano  | Found a burning altar of Makhleb.
  9645 | Volcano  | Reached skill level 19 in Axes
  9998 | Lair:1   | Gained Dorog as an ally
  9999 | Lair:1   | Reached ****** piety under Beogh
 10599 | Lair:2   | Found a staircase to the Snake Pit.
 10607 | Lair:2   | Gained Warbeogh as an ally
 10790 | Lair:2   | Gained Hawl as an ally
 10872 | Lair:2   | Identified the ring of Beunn {Ice SInv}
 10902 | Lair:2   | Reached XP level 13. HP: 95/95 MP: 15/15
 11258 | Lair:2   | Reached skill level 20 in Axes
 11661 | Lair:2   | You fall into a shaft and drop 2 floors!
 11870 | Lair:3   | Gained Gorbash as an ally
 12012 | Lair:3   | Identified the +3 scale mail of Jety {MP+9 Dex+2}
 12064 | Lair:3   | Reached skill level 10 in Dodging
 12149 | Lair:3   | Found the +4 moon troll leather armour {Spirit, Regen++
                  | MP+5}
 12459 | Lair:3   | Found a burning altar of Makhleb.
 12684 | Lair:3   | Found a staircase to the Shoals.
 12911 | Lair:4   | Reached skill level 21 in Axes
 13449 | Lair:5   | Entered Level 5 of the Lair of Beasts
 13599 | Lair:5   | Found a viscous altar of Jiyva.
 13599 | Lair:5   | Found a staircase to the Slime Pits.
 13816 | Lair:5   | Reached XP level 14. HP: 102/102 MP: 16/16
 13824 | Lair:5   | Reached skill level 15 in Armour
 13828 | Lair:5   | Your ally Gorbash died
 13917 | Lair:5   | Reached skill level 22 in Axes
 14127 | Lair:5   | Identified the +2 bardiche of the Shouting Fulmar {spect,
                  | +Blink rCorr Stlth-}
 14630 | Orc:1    | Entered Level 1 of the Orcish Mines
 14639 | Orc:1    | Noticed an orc warlord
 14647 | Orc:1    | Killed an orc warlord
 14879 | Orc:1    | Found a runed translucent gate.
 14879 | Orc:1    | Noticed Gopeb's ghost (journeyman DsBe)
 14880 | Orc:1    | Found a runed translucent gate.
 14881 | Orc:1    | Identified the +3 chain mail "Simun" {rElec rF- Str+9
                  | Dex+2}
 14881 | Orc:1    | Noticed an orc warlord
 14882 | Orc:1    | Found a roughly hewn altar of Beogh.
 14882 | Orc:1    | Found a runed translucent gate.
 14889 | Orc:1    | Gained Norbak as an ally
 14908 | Orc:1    | Killed Gopeb's ghost
 14913 | Orc:1    | Your ally Norbak died
 14918 | Orc:1    | Killed an orc warlord
 14930 | Orc:1    | Identified the ring "Onlicsi" {rElec rPois rF- Str+6}
 14935 | Orc:1    | Identified the +1 pair of gloves "Keinasch" {rElec rF-
                  | rN++}
 15200 | Orc:2    | Entered Level 2 of the Orcish Mines
 15209 | Orc:2    | Reached skill level 5 in Invocations
 15575 | Orc:2    | Found a staircase to the Elven Halls.
 15669 | Orc:2    | Found Asaerch's General Store.
 15671 | Orc:2    | Gained Bogdan as an ally
 15694 | Orc:2    | Mangled by an orc knight

Illustrated notes

Levels and vault maps discovered:
D:1:      lordsloth_arrival_two_stooges, layout_basic,
          hellmonk_ecumenical_altar_crossroads, minmay_small_reverse_x
D:2:      layout_basic, serial_undead, serial_undead_c, serial_undead_a,
          serial_undead_b, serial_undead_c, serial_undead_d, serial_undead_f
D:3:      layout_loops_ring, mainiacjoe_overflow_boulevard, minivault_23,
          uniq_ijyb, uniq_crazy_yiuf_cottage, uniq_robin
D:4:      layout_cave_pools, gammafunk_ghost_mausoleum, hex_tiny,
          dreamdust_wishing_well
D:5:      layout_basic, serial_shops, nicolae_shop_crystal, shop, uniq_edmund
D:6:      layout_basic, nicolae_tso_besieged_by_evil, minmay_temple_entry_grid,
          minmay_misc_feat_doors, uniq_blork_the_orc, uniq_grinder,
          uniq_sigmund, uniq_eustachio, uniq_duvessa
D:7:      minmay_the_grid_triangle_9x9_rhombus_thin
          [minmay_the_grid_triangle_9x9_corrupted_corridor,
          minmay_the_grid_triangle_9x9_prize_top_heavy,
          minmay_the_grid_triangle_9x9_limited_checkers,
          minmay_the_grid_triangle_9x9_warning], layout_basic,
          kennysheep_another_room, kennysheep_boxes
D:8:      layout_loops_ring, erik_lair_orcish_takeover,
          nicolae_shop_sticking_my_neck_out, uniq_amaemon, uniq_erica,
          uniq_pikel
D:9:      layout_loops_ring, enter_bailey_3
D:10:     layout_basic
D:11:     layout_stronghold
D:12:     layout_roguey, erik_orc_4, serial_shops, shop_fountains
Lair:1:   layout_regular_city, enter_volcano_1, grunt_megastairs_3,
          lemuel_fruit_tree
Lair:2:   layout_roguey, minmay_snake_entry_spellcaster, minivault_19,
          disabler_island
Lair:3:   layout_chaotic_city, minmay_shoals_entry_lonely_mermaid, basic_altar,
          grunt_megastairs_4
Lair:4:   layout_concentric_octagons, chequers_serial_rivers_small_a,
          bh_autumn_forest_stairs, nicolae_quartered_pool_medium
Lair:5:   minmay_lair_end_enchanted_forest, layout_gridlike,
          nicolae_slime_entry_slimehenge, lemuel_fruit_fields
Orc:1:    layout_caves, biasface_ghost_orc_armoury
Orc:2:    st_orc_elflike, layout_diamond_mine, uniq_erolcha

Skill      XL: |  1  2  3  4  5  6  7  8  9 10 11 12 13 14 |
---------------+-------------------------------------------+-----
Polearms       | 4 |  4.7
Axes           | 2 4 5 6 9 10 12 16 18 19 21 22 | 22.5
Armour         | 2 4 5 8 10 12 14 15 | 15.7
Dodging        | 4 6 7 8 10 | 10.0
Invocations    | 3 5 |  5.8
Stealth        | 4 |  4.0
Fighting       | |  3.6

Action                     |  1- 3 |  4- 6 |  7- 9 | 10-12 | 13-15 || total
---------------------------+-------+-------+-------+-------+-------++-------
  Melee: Spear             |   115 |       |       |       |       ||   115
         Lochaber axe      |    16 |   138 |   175 |   381 |   353 ||  1063
 Invoke: Convert to Beogh  |       |       |     1 |       |       ||     1
         Give Item to Name |       |       |       |     2 |     1 ||     3
         Recall Orcish Fol |       |       |       |     1 |     4 ||     5
         Resurrection      |       |       |       |       |     1 ||     1
         Stop Recall       |       |       |       |       |     1 ||     1
    Use: Scroll            |     4 |       |     9 |    14 |     2 ||    29
   Stab: Sleeping          |     5 |     9 |       |       |       ||    14
         Distracted        |       |     3 |       |     1 |     8 ||    12
         Confused          |       |       |       |     2 |     1 ||     3
 Armour: Robe              |    31 |    40 |       |       |       ||    71
         Leather armour    |       |    16 |    25 |       |       ||    41
         Plate armour      |       |       |   135 |   249 |   162 ||   546
  Dodge: Dodged            |    73 |    71 |    83 |   186 |   161 ||   574

Table legend: (Time is in decaauts)
 A = Elapsed time spent in this place.
 B = Non-inter-level travel time spent in this place.
 C = Inter-level travel time spent in this place.
 D = Time resting spent in this place.
 E = Time spent auto-exploring this place.
 F = Levels seen in this place.
 G = Mean time per level.
                   A        B        C        D        E       F      G
               +--------+--------+--------+--------+--------+-----+--------+
         Total |  15891 |  15028 |    863 |   1395 |   8207 |  21 |  756.7 |
       Dungeon |   9321 |   8610 |    711 |    351 |   5696 |  12 |  776.8 |
          Lair |   4790 |   4638 |    152 |    694 |   1949 |   5 |  958.0 |
  Orcish Mines |   1053 |   1053 |      0 |    274 |    491 |   2 |  526.5 |
        Bailey |    298 |    298 |      0 |     11 |      0 |   1 |  298.0 |
       Volcano |    427 |    427 |      0 |     65 |     71 |   1 |  427.0 |
               +--------+--------+--------+--------+--------+-----+--------+

Top non-repeatable levels by time:
  Lair:2: 1094 daAuts
     D:7: 1070 daAuts
    D:11: 1064 daAuts
  Lair:3: 1029 daAuts
  Lair:1: 934 daAuts
     D:2: 931 daAuts
  Lair:5: 927 daAuts
     D:3: 876 daAuts
  Lair:4: 804 daAuts
    D:10: 796 daAuts
     D:5: 766 daAuts
     D:1: 727 daAuts
   Orc:1: 718 daAuts
     D:9: 712 daAuts
     D:8: 662 daAuts
